 Dungeon Crawl Stone Soup version 0.28.0 (webtiles) character file.

Game seed: 717916089983592268

14 Nothus the Grave Robber (level 2, 0/15 HPs)
             Began as a Vampire Necromancer on Feb 27, 2022.
             Slain by a gnoll (5 damage)
             ... on level 2 of the Dungeon.
             The game lasted 00:06:43 (836 turns).

Nothus the Grave Robber (Vampire Necromancer)        Turns: 836, Time: 00:06:43

Health: 0/15       AC:  2    Str:  7    XL:     2   Next: 27%
Magic:  1/5        EV: 12    Int: 17    God:
Gold:   10         SH:  0    Dex: 14    Spells: 3/5 levels left

rFire   . . .      SeeInvis +   (no weapon)
rCold   + + .      Faith    .   (no shield)
rNeg    + + +      Spirit   .   a - +0 robe
rPois   ∞          Reflect  .   (no helmet)
rElec   .          Harm     .   (no cloak)
rCorr   .          Rampage  .   (no gloves)
Will    .....                   (no boots)
Stlth   +++++.....              (no amulet)
HPRegen 0.00/turn               (no ring)
MPRegen 0.09/turn               (no ring)

@: bloodless, inhibited regen
A: bloodless, fangs 3, see invisible, vampiric 1
a: Revivify


You were on level 2 of the Dungeon.
You visited 1 branch of the dungeon, and saw 2 of its levels.

You collected 21 gold pieces.
You spent 11 gold pieces at shops.

Inventory:

Armour
 a - a +0 robe (worn)
Jewellery
 c - a ring of poison resistance
Potions
 b - 2 potions of curing {unknown}


   Skills:
 - Level 2.1 Dodging
 + Level 3.9 Stealth
 - Level 2.0 Spellcasting
 + Level 4.7 Necromancy


You had 3 spell levels left.
You knew the following spells:

 Your Spells              Type           Power      Damage    Failure   Level
a - Pain                  Necr           68%        1d7       2%          1
b - Animate Skeleton      Necr           34%        N/A       2%          1

Your spell library contained the following spells:

 Spells                   Type           Power      Damage    Failure   Level
 Vampiric Draining        Necr           17%        2d7       9%          3
 Animate Dead             Necr           8%         N/A       26%         4
 Agony                    Necr           17%        N/A       58%         5


Dungeon Overview and Level Annotations

Branches:
Dungeon (2/15)

Altars:

Shops:
D:1 !


Innate Abilities, Weirdness & Mutations

You do not regenerate when monsters are visible.
You are frail without blood (-20% HP).
You can heal yourself when you bite living creatures.
You are immune to poison.
You have razor-sharp teeth.
You have supernaturally acute eyesight. (SInv)
You are afflicted with vampirism.


Message History

Aiming: Pain (safe; 2% risk of failure)
Press: ? - help, Q - select action, (/) - cycle Shift-Dir - straight line, f/p - gnoll
Aim: a gnoll, wielding a +0 flail (chance to affect: 81%)
Okay, then.
Aiming: Pain (safe; 2% risk of failure)
Press: ? - help, Q - select action, (/) - cycle Shift-Dir - straight line, f/p - gnoll
Aim: a gnoll, wielding a +0 flail (chance to affect: 81%)
The gnoll writhes in agony.
The gnoll barely misses you.
Throw: throwing net
Press: ? - help, Shift-Dir - straight line, f/p - gnoll
Aim: a gnoll, wielding a +0 flail (lightly wounded, 61% to hit)
You throw a throwing net.
The throwing net barely misses the gnoll.
The throwing net completely misses the gnoll.
The throwing net hits the gnoll.
The gnoll is caught in the net!
The gnoll barely misses you.
The gnoll struggles against the net.
Casting: Pain (safe; 2% risk of failure)
Confirm with . or Enter, or press ? or * to list all spells.
Aiming: Pain (safe; 2% risk of failure)
Press: ? - help, Shift-Dir - straight line, f/p - gnoll
Aim: a gnoll, wielding a +0 flail (lightly wounded, chance to affect: 81%)
The gnoll barely resists.
The gnoll closely misses you.
Casting: Pain (safe; 2% risk of failure)
Confirm with . or Enter, or press ? or * to list all spells.
Aiming: Pain (safe; 2% risk of failure)
Press: ? - help, Shift-Dir - straight line, f/p - gnoll
Aim: a gnoll, wielding a +0 flail (lightly wounded, chance to affect: 81%)
The gnoll writhes in agony.
The gnoll struggles against the net.
The gnoll hits you with a +0 flail!
Ouch! That really hurt!
The gnoll struggles against the net.
Casting: Pain (safe; 2% risk of failure)
Confirm with . or Enter, or press ? or * to list all spells.
Aiming: Pain (safe; 2% risk of failure)
Press: ? - help, Shift-Dir - straight line, f/p - gnoll
Aim: a gnoll, wielding a +0 flail (severely wounded, chance to affect: 81%)
The gnoll writhes in agony.
The gnoll hits you with a +0 flail.
You die...

#...# .b.
#...###.#
#..#...#
#..##g##
#.....#
##g####
#g# #g#
#@#
#........
#######..


You could see 3 gnolls.

Vanquished Creatures
  A dart slug (D:1)
  A ball python (D:1)
  An endoplasm (D:1)
  2 jackals
  2 quokkas (D:1)
  3 frilled lizards (D:1)
  A rat (D:1)
11 creatures vanquished.

Notes
Turn   | Place    | Note
-------+----------+-------------------------------------------
     0 | D:1      | Nothus the Vampire Necromancer began the quest for the Orb.
     0 | D:1      | Reached XP level 1. HP: 13/13 MP: 3/3
   117 | D:1      | Found Kohoidus's Distillery.
   120 | D:1      | Bought a potion of degeneration for 11 gold pieces
   512 | D:1      | Reached XP level 2. HP: 14/15 MP: 3/5
   794 | D:2      | Learned a level 1 spell: Animate Skeleton
   836 | D:2      | Slain by a gnoll

Illustrated notes

Levels and vault maps discovered:
D:1:      minmay_arrival_arboretum_large, layout_basic, serial_shops,
          nicolae_shop_behind_doors, corexii_corridor_pit,
          kennysheep_decorative_pillar
D:2:      layout_loops_ring, wad_floor_pattern_untrapped,
          chequers_serial_rivers_large_a, minmay_quantized

Action                   || total
-------------------------++-------
Melee: Unarmed           ||     9
       Bite              ||     1
       Punch             ||     1
Throw: Throwing net      ||     1
 Cast: Pain              ||    20
       Animate Skeleton  ||     1
 Abil: Exsanguinate      ||     1
 Stab: Sleeping          ||     1
Armor: Robe              ||     2
Dodge: Dodged            ||    25
